AoeStats
← Shutokayte

Black Forest

509279921Analyzed
4v4 RM · 6d ago on Sep 26, 2026· 71m 39s· 8 players
Game mode
Random Map
Map size
Large (8 player)
Population
200
Speed
Normal
Resources
Standard
Victory
Conquest
Starting age
Dark Age
Ending age
Imperial Age
RankedLock teamsTeams togetherTeam positionsShared explorationLock speedFull tech treeHidden civsTurbo modeCheats
Victory
Defeat
🇧🇷 Danes · Brazil
580
+15
🇧🇷 Khmer · Brazil
534
+16
🇧🇷 Vikings · Brazil
513
+17
🇲🇽 Khmer · Mexico
490
+18
🇹🇷 Romans · Türkiye
579
-17
🇮🇹 Bengalis · Italy
540
-17
🇮🇳 Portuguese · India
534
-16
🇭🇰 Britons · Hong Kong SAR China
521
-16
Sercan35
16:10 Feudal Age
21:46 Horse Collar
22:59 Double-Bit Axe
26:19 Man-at-Arms
31:05 Castle Age
30:40 Bloodlines
32:05 Husbandry
37:01 Gold Mining
45:08 Heavy Plow
45:31 Bow Saw
47:31 Gold Shaft Mining
48:42 Wheelbarrow
48:46 Forging
48:42 Scale Barding Armor
50:18 Hand Cart
49:51 Town Watch
51:32 Town Patrol
53:04 Iron Casting
57:39 Imperial Age
55:58 Masonry
56:54 Chain Barding Armor
57:58 Cavalier
59:20 Plate Barding Armor
59:47 Blast Furnace
Shutokayte
0:36 Loom
15:31 Feudal Age
18:49 Horse Collar
18:59 Double-Bit Axe
19:04 Town Watch
26:14 Castle Age
27:16 Wheelbarrow
27:06 Forging
26:46 Fletching
27:03 Scale Barding Armor
26:59 Padded Archer Armor
27:05 Stone Mining
27:09 Gold Mining
27:30 Caravan
27:55 Bow Saw
27:51 Heavy Plow
33:24 Imperial Age
31:51 Ballistics
32:59 Husbandry
33:08 Town Patrol
33:48 Hand Cart
33:58 Paiks
36:05 Bodkin Arrow
36:46 Iron Casting
36:32 Chain Barding Armor
36:28 Leather Archer Armor
36:39 Conscription
38:49 Two-Man Saw
38:29 Crop Rotation
39:06 Elite Ratha (Ranged)
41:15 Chemistry
40:28 Fortified Wall
42:09 Elite Battle Elephant
46:11 Bracer
46:42 Ring Archer Armor
47:13 Blast Furnace
46:49 Plate Barding Armor
52:53 Mahayana
Queen
0:33 Loom
12:01 Feudal Age
13:35 Wheelbarrow
12:44 Horse Collar
12:52 Double-Bit Axe
17:23 Padded Archer Armor
17:24 Scale Mail Armor
17:33 Scale Barding Armor
20:19 Gold Mining
20:21 Stone Mining
23:11 Fletching
23:32 Forging
28:52 Castle Age
29:51 Hand Cart
29:49 Bow Saw
29:44 Heavy Plow
30:22 Gold Shaft Mining
30:27 Iron Casting
34:51 Crossbowman
35:40 Husbandry
35:00 Light Cavalry
38:50 Leather Archer Armor
38:51 Chain Mail Armor
38:57 Chain Barding Armor
38:33 Bodkin Arrow
40:37 Yeomen
40:25 Guard Tower
40:42 Siphons
45:07 Imperial Age
43:08 Caravan
44:27 Heated Shot
45:56 Ballistics
45:02 Pikeman
45:44 Squires
45:39 Elite Longbowman
46:25 Warwolf
46:47 Conscription
46:06 Arbalester
46:11 Cavalier
48:33 Two-Man Saw
47:43 Bracer
48:44 Blast Furnace
48:18 Plate Mail Armor
48:34 Keep
47:45 Arrowslits
49:01 Chemistry
50:16 Conscription
KickAss
12:05 Feudal Age
12:38 Double-Bit Axe
16:22 Horse Collar
19:38 Castle Age
19:43 Padded Archer Armor
19:34 Fletching
19:50 Stone Mining
20:36 Bow Saw
30:58 Imperial Age
33:40 Chemistry
33:06 Ballistics
32:41 Cavalier
34:34 Bombard Tower
39:11 Leather Archer Armor
38:51 Bodkin Arrow
39:57 Guard Tower
40:25 Fortified Wall
40:37 Scale Barding Armor
41:36 Keep
42:43 Two-Man Saw
45:59 Ring Archer Armor
45:44 Forging
45:35 Scale Mail Armor
46:56 Siege Engineers
47:40 Masonry
49:32 Chain Barding Armor
52:52 Elite Organ Gun
55:55 Heavy Plow
57:15 Architecture
56:54 Murder Holes
56:44 Treadmill Crane
58:10 Plate Barding Armor
57:51 Chain Mail Armor
58:12 Iron Casting
57:38 Bracer
58:08 Thumb Ring
61:45 Plate Mail Armor
Porowy
0:32 Loom
11:38 Feudal Age
14:03 Wheelbarrow
13:15 Town Watch
13:15 Horse Collar
13:29 Double-Bit Axe
27:10 Castle Age
32:32 Heavy Plow
45:03 Imperial Age
42:06 Pikeman
43:56 Bow Saw
44:19 Gold Mining
44:27 Stone Mining
46:24 Fortified Wall
47:05 Forging
46:59 Scale Mail Armor
46:49 Halberdier
48:31 Crop Rotation
56:18 Man-at-Arms
57:07 Long Swordsman
60:44 Light Cavalry
61:26 Husbandry
61:38 Bloodlines
62:19 Hussar
GuiGuimaraes
0:29 Loom
12:15 Feudal Age
20:44 Castle Age
21:55 Arson
22:22 Forging
22:17 Double-Bit Axe
22:19 Horse Collar
24:44 Iron Casting
26:26 Scale Mail Armor
28:04 Heavy Plow
27:44 Fishing Lines
28:40 Gillnets
29:55 Squires
32:29 Chain Mail Armor
33:10 Caravan
38:26 Imperial Age
35:49 Treadmill Crane
38:10 Gold Mining
38:10 Stone Mining
40:10 Blast Furnace
39:41 Plate Mail Armor
38:45 Elite Varangian Guard
44:20 Gold Shaft Mining
45:01 Masonry
45:39 Bow Saw
46:02 Crop Rotation
46:18 Chieftains
46:40 Conscription
46:47 Conscription
46:32 Chieftains
47:15 Devotion
47:36 Heresy
47:12 Town Watch
51:16 Elite Berserk
51:22 Crossbowman
51:58 Fletching
52:09 Padded Archer Armor
52:12 Bogsveigar
52:50 Hoardings
53:12 Architecture
52:53 Fortified Wall
52:39 Murder Holes
53:04 Ballistics
53:45 Chemistry
53:07 Arbalester
55:01 Capped Ram
56:31 Bodkin Arrow
56:53 Leather Archer Armor
56:10 Siege Ram
57:26 Bracer
61:57 Ring Archer Armor
66:58 Faith
Puro_Osso
0:38 Loom
18:12 Feudal Age
20:30 Wheelbarrow
21:15 Double-Bit Axe
22:43 Horse Collar
23:33 Stone Mining
30:17 Castle Age
32:34 Bow Saw
32:30 Hamask
35:05 Stone Shaft Mining
34:21 Gold Mining
36:58 Caravan
37:34 Coinage
38:44 Hand Cart
38:15 Town Watch
41:24 Gold Shaft Mining
42:02 Arson
42:17 Squires
42:45 Forging
42:27 Fletching
42:40 Scale Mail Armor
43:20 Heavy Plow
43:48 Town Patrol
44:47 Iron Casting
46:24 Chain Mail Armor
46:55 Padded Archer Armor
48:25 Fervor
52:02 Imperial Age
50:04 Scale Barding Armor
50:16 Leather Archer Armor
49:51 Fletching
49:51 Gambesons
49:28 Pikeman
52:18 Elite Jomsviking
52:19 Northmen's Fury
54:04 Blast Furnace
53:34 Plate Mail Armor
53:25 Chain Barding Armor
54:05 Bodkin Arrow
54:40 Ring Archer Armor
54:50 Onager
57:59 Chemistry
56:49 Arrowslits
57:00 Murder Holes
57:47 Banking
57:02 Cranequins
57:03 Heavy Mounted Crossbowman
57:52 Siege Onager
59:04 Conscription
59:20 Ballistics
59:20 Siege Engineers
60:04 Thumb Ring
60:13 Bracer
60:49 Plate Barding Armor
63:12 Elite Varangian Guard
63:13 Halberdier
marcoo_chiosi
12:12 Feudal Age
10:27 Loom
13:55 Double-Bit Axe
13:58 Town Watch
14:49 Wheelbarrow
13:57 Horse Collar
21:42 Castle Age
19:57 Stone Mining
19:57 Gold Mining
22:39 Town Patrol
22:55 Hand Cart
22:54 Bow Saw
22:51 Heavy Plow
23:41 Stone Shaft Mining
26:11 Gold Shaft Mining
31:11 Imperial Age
34:56 Crop Rotation
34:57 Man-at-Arms
34:57 Pikeman
35:23 Arson
35:00 Light Cavalry
35:51 Bloodlines
35:41 Husbandry
35:02 Cavalier
35:54 Scale Barding Armor
35:50 Scale Mail Armor
35:50 Padded Archer Armor
35:42 Fletching
36:03 Forging
39:32 Long Swordsman
39:33 Halberdier
39:36 Hussar
42:03 Two-Handed Swordsman
43:06 Chain Barding Armor
43:01 Chain Mail Armor
43:02 Leather Archer Armor
42:42 Bodkin Arrow
43:22 Iron Casting
44:46 Hoardings
44:56 Plate Barding Armor
46:54 Ring Archer Armor
46:24 Bracer
46:11 Elite Ballista Elephant
47:10 Masonry
46:55 Murder Holes
47:22 Fortified Wall
47:30 Heated Shot
48:00 Ballistics
48:41 Chemistry
48:47 Blast Furnace
57:30 Sappers
58:00 Tusk Swords
59:47 Heavy Scorpion
60:07 Onager
67:22 Sappers
Connection lost

Rejoining the realm…

Still unreachable

The connection could not be restored.

Session expired

The server has moved on; the page needs a fresh start.